 Dungeon Crawl Stone Soup version 0.29.0-4-gdea44cf6ec (webtiles) character file.

Game seed: 11982547735654438669

70 qw the Chopper (level 4, -7/36 HPs)
             Began as a Barachi Chaos Knight on Sept 4, 2022.
             Mangled by a soul eater (12 damage)
             ... summoned by Xom
             ... on level 3 of the Dungeon.
             The game lasted 00:01:04 (2534 turns).

qw the Chopper (Barachi Chaos Knight)               Turns: 2534, Time: 00:01:04

Health: -7/36      AC:  7    Str: 15      XL:     4   Next: 22%
Magic:  4/4        EV: 14    Int: 10      God:
Gold:   66         SH:  0    Dex: 11 (12) Spells: 3/3 levels left

rFire   . . .      SeeInvis .   Y - +0 broad axe
rCold   + . .      Faith    .   (no shield)
rNeg    . . .      Spirit   .   j - +0 ring mail {rC+}
rPois   .          Reflect  .   (no helmet)
rElec   .          Harm     .   (no cloak)
rCorr   .          Rampage  .   (no gloves)
Will    .....                   k - +1 pair of boots
Stlth   +.........              (no amulet)
HPRegen 0.12/turn               h - +4 ring of evasion
MPRegen 0.09/turn               (no ring)

@: spiked, unable to read, slow
A: amphibious, slowness 1, strong legs 1, +LOS, dopey 1, inability to read after
injury 1
a: Hop


You were on level 3 of the Dungeon.
You visited 1 branch of the dungeon, and saw 3 of its levels.

You collected 88 gold pieces.
You spent 22 gold pieces at shops.


Innate Abilities, Weirdness & Mutations

You are amphibious.
You cover ground slowly.
You can hop short distances.
You have an extended range of vision and can be seen from far away.
You are dopey. (Int -2)
You occasionally lose the ability to read scrolls when taking damage.


   Skills:
 - Level 3.6 Fighting
 + Level 5.4 Axes
 - Level 2.4 Armour
 - Level 1.1 Dodging


You had 3 spell levels left.
You didn't know any spells.
Your spell library was empty.

Inventory:

Hand Weapons
 a - a +0 club
 Y - a +0 broad axe (weapon)
Armour
 d - a +0 scale mail
 j - a +0 ring mail of cold resistance (worn)
 k - a +1 pair of boots (worn)
Jewellery
 h - a +4 ring of evasion (left hand)
Scrolls
 g - 2 scrolls of identify
Potions
 f - a potion of curing
Miscellaneous
 c - a piece from Xom's chessboard (15/15)

Dungeon Overview and Level Annotations

Branches:
Dungeon (3/15)

Altars:

Shops:
D:1 *::=   D:2 ?


Message History

Assign waypoint to what number? (0-9, D - delete waypoint) Waypoint 2 re-assigned from D:1 to D:3.
You now have enough gold to buy a whip on D:1.
You can access your shopping list by pressing '$'.
You now have 66 gold pieces (gained 17).
You feel your willpower return.
A hobgoblin comes into view.
The hobgoblin shouts!
You barely miss the hobgoblin. The hobgoblin hits you.
You hit the hobgoblin.
You kill the hobgoblin!
You start resting.
HP restored.
You hear Xom's maniacal laughter.
A shadow imp comes into view.
You barely miss the soul eater. You closely miss the red devil.
You hit the soul eater but do no damage.
You hit the red devil but do no damage. The red devil misses you.
The soul eater barely misses you.
You slash the soul eater!
The soul eater is lightly wounded.
You closely miss the red devil. You hit the quasit. The quasit bites you.
The quasit claws you.
You feel clumsy. The quasit barely misses you.
The red devil hits you with a +0 trident!
Barbed spikes become lodged in your body.
The soul eater draws from the surrounding life force!
You feel threatened and lose the ability to read scrolls!
The soul eater is healed.
The quasit bites you but does no damage.
The quasit closely misses you. The quasit barely misses you.
You closely miss the quasit.
The quasit is moderately wounded.
You barely miss the soul eater. You miss the red devil.
The quasit misses you. x2
The quasit claws you but does no damage.
The soul eater hits you!
You die...

##### # ####
#.#<######## ##. ...#
#........... .. ....#
#.#......... .......
###.#......... .#...
#............. 5..
#.#############3#.##..#
#.............@4......#
###############5#.#####
... 5### .. .# .# .# .#


You could see a soul eater (summoned), a red devil (summoned), a quasit
(summoned), a white imp (summoned) and a shadow imp (summoned).

Vanquished Creatures
  An adder (D:2)
  4 dart slugs
  6 endoplasms
  2 giant cockroaches
  4 goblins (D:2)
  6 hobgoblins
  4 quokkas
  5 ball pythons
  9 bats
  2 kobolds
  7 rats
50 creatures vanquished.

Vanquished Creatures (others)
  A fungus (D:1)
  A plant (D:1)
2 creatures vanquished.

Grand Total: 52 creatures vanquished

Notes
Turn   | Place    | Note
-------+----------+-------------------------------------------
     0 | D:1      | qw the Barachi Chaos Knight began the quest for the Orb.
     0 | D:1      | Reached XP level 1. HP: 18/18 MP: 1/1
     0 | D:1      | 0 ||| qw: Version: 0.1-a-103-gd6f5d3a
     0 | D:1      | 0 ||| qw: Game counter: 5657
     0 | D:1      | 0 ||| qw: Always use a shield: true
     0 | D:1      | 0 ||| qw: God list: Okawaru
     0 | D:1      | 0 ||| qw: Allow faded altars: false
     0 | D:1      | 0 ||| qw: Do Orc after D:15 true
     0 | D:1      | 0 ||| qw: Do second Lair branch before Depths: true
     0 | D:1      | 0 ||| qw: Lair rune preference: random
     0 | D:1      | 0 ||| qw: Plans: Normal
     0 | D:1      | 0 ||| PLANNING D:1-11
     0 | D:1      | Fell from the grace of Xom
   336 | D:1      | Found Yschiorph's Assorted Antiques.
   344 | D:1      | 344 ||| SHOPLISTING bubbling black potion (20 gold, have
                  | 8).
   344 | D:1      | 344 ||| SHOPLISTING cyan potion (20 gold, have 8).
   344 | D:1      | 344 ||| SHOPLISTING scroll labelled CEMMAE DED ONU (23
                  | gold, have 8).
   344 | D:1      | 344 ||| SHOPLISTING whip (57 gold, have 8).
   403 | D:1      | Reached XP level 2. HP: 23/24 MP: 2/2
   478 | D:1      | XOM: give mutations
   478 | D:1      | Gained mutation: You occasionally lose the ability to read
                  | scrolls when taking damage. [Xom's mischief]
   478 | D:1      | Gained mutation: You are dopey. (Int -2) [Xom's mischief]
   505 | D:1      | Reached skill level 4 in Axes
   673 | D:1      | Found Xesenwac's Book Shoppe.
   765 | D:1      | 765 ||| Stepping ~*~*~tactically~*~*~ (hiding).
   766 | D:1      | 766 ||| Stepping ~*~*~tactically~*~*~ (hiding).
   778 | D:1      | 778 ||| Stepping ~*~*~tactically~*~*~ (hiding).
   779 | D:1      | 779 ||| Stepping ~*~*~tactically~*~*~ (hiding).
   829 | D:1      | 829 ||| Stepping ~*~*~tactically~*~*~ (stealth).
   876 | D:1      | Found Yskevat's Jewellery Emporium.
   893 | D:1      | 893 ||| SHOPLISTING +6 ring of dexterity (468 gold, have
                  | 22).
   893 | D:1      | 893 ||| SHOPLISTING ring of protection from fire (325 gold,
                  | have 22).
   893 | D:1      | 893 ||| SHOPLISTING ring of see invisible (195 gold, have
                  | 22).
   941 | D:1      | Reached XP level 3. HP: 24/29 MP: 3/3
  1016 | D:1      | Found a faded altar of an unknown god.
  1111 | D:1      | 1111 ||| Stepping ~*~*~tactically~*~*~ (stealth).
  1112 | D:1      | 1112 ||| Stepping ~*~*~tactically~*~*~ (stealth).
  1114 | D:1      | 1114 ||| Stepping ~*~*~tactically~*~*~ (stealth).
  1116 | D:1      | 1116 ||| Stepping ~*~*~tactically~*~*~ (stealth).
  1129 | D:1      | 1129 ||| UPGRADING to +0 scale mail.
  1163 | D:1      | 1163 ||| DROPPING +2 leather armour.
  1168 | D:1      | Found Ephisch's Book Shoppe.
  1317 | D:1      | 1317 ||| SWAPPING to +0 broad axe.
  1318 | D:1      | 1318 ||| DROPPING +0 hand axe of chaos.
  1319 | D:1      | 1319 ||| DRINKING 2 black potions.
  1422 | D:2      | 1422 ||| Stepping ~*~*~tactically~*~*~ (stealth).
  1434 | D:2      | 1434 ||| Stepping ~*~*~tactically~*~*~ (stealth).
  1554 | D:2      | 1554 ||| Stepping ~*~*~tactically~*~*~ (stealth).
  1564 | D:2      | 1564 ||| Stepping ~*~*~tactically~*~*~ (stealth).
  1592 | D:2      | Found Ekereizu's Magic Scroll Boutique.
  1595 | D:2      | 1595 ||| Stepping ~*~*~tactically~*~*~ (stealth).
  1622 | D:2      | 1622 ||| BUYING scroll of identify (22 gold).
  1622 | D:2      | Bought a scroll of identify for 22 gold pieces
  1622 | D:2      | 1622 ||| SHOPLISTING scroll of identify (22 gold, have 18).
  1622 | D:2      | 1622 ||| SHOPLISTING scroll of teleportation (33 gold, have
                  | 18).
  1656 | D:2      | 1656 ||| Stepping ~*~*~tactically~*~*~ (stealth).
  1657 | D:2      | 1657 ||| FLEEEEING.
  1658 | D:2      | 1658 ||| FLEEEEING.
  1659 | D:2      | 1659 ||| FLEEEEING.
  1660 | D:2      | 1660 ||| FLEEEEING.
  1661 | D:2      | 1661 ||| FLEEEEING.
  1663 | D:2      | 1663 ||| Stepping ~*~*~tactically~*~*~ (stealth).
  1667 | D:2      | 1667 ||| FLEEEEING.
  1668 | D:2      | 1668 ||| FLEEEEING.
  1671 | D:2      | 1671 ||| FLEEEEING.
  1672 | D:2      | 1672 ||| FLEEEEING.
  1673 | D:2      | 1673 ||| FLEEEEING.
  1674 | D:2      | 1674 ||| FLEEEEING.
  1675 | D:2      | 1675 ||| FLEEEEING.
  1676 | D:2      | 1676 ||| FLEEEEING.
  1677 | D:2      | 1677 ||| FLEEEEING.
  1678 | D:2      | 1678 ||| FLEEEEING.
  1685 | D:2      | 1685 ||| FLEEEEING.
  1686 | D:2      | 1686 ||| FLEEEEING.
  1694 | D:2      | 1694 ||| FLEEEEING.
  1697 | D:2      | 1697 ||| FLEEEEING.
  1698 | D:2      | 1698 ||| FLEEEEING.
  1707 | D:2      | Reached skill level 5 in Axes
  1765 | D:2      | XOM: summons 4 hostile shadow creatures
  1766 | D:2      | 1766 ||| DRINKING 2 potions of curing.
  1766 | D:2      | 1766 ||| (to cure confusion)
  1880 | D:2      | 1880 ||| Stepping ~*~*~tactically~*~*~ (stealth).
  1881 | D:2      | 1881 ||| Stepping ~*~*~tactically~*~*~ (stealth).
  1904 | D:2      | 1904 ||| Stepping ~*~*~tactically~*~*~ (stealth).
  1942 | D:2      | 1942 ||| Stepping ~*~*~tactically~*~*~ (stealth).
  2024 | D:2      | HP: 7/29 [poisoned by an adder]
  2025 | D:2      | Reached XP level 4. HP: 8/36 MP: 4/4
  2455 | D:2      | 2455 ||| UPGRADING to +0 ring mail of cold resistance.
  2465 | D:2      | 2465 ||| UPGRADING to +1 pair of boots.
  2470 | D:2      | 2470 ||| UPGRADING to +4 ring of evasion.
  2471 | D:2      | 2471 ||| READING scroll labelled WYIPIV OFAYMA.
  2472 | D:2      | 2472 ||| READING 3 scrolls of identify.
  2472 | D:2      | 2472 ||| IDENTIFYING fizzy grey potion
  2473 | D:2      | 2473 ||| DROPPING potion of lignification.
  2530 | D:3      | XOM: summons 7 hostile demons
  2531 | D:3      | Noticed a chaos spawn
  2531 | D:3      | Noticed a soul eater
  2531 | D:3      | Noticed a red devil
  2533 | D:3      | HP: 4/36 [soul eater[Xom] (12)]
  2534 | D:3      | Mangled by a soul eater

Levels and vault maps discovered:
D:1:      mainiacjoe_arrival_reflecting_pool, layout_loops_ring, serial_shops,
          nicolae_shop_window_shopping, shop, shop, shop_fountains,
          dreamdust_ecumenical_altar_hidden_monk_grotto
D:2:      layout_basic, serial_shops, nicolae_shop_trees
D:3:      layout_basic, mainiacjoe_overflow_concentric_impassable,
          gammafunk_ghost_mausoleum, uniq_terence, uniq_ijyb, uniq_sigmund

Skill      XL: |  1  2  3 |
---------------+----------+-----
Axes           | 4 5 |  5.4
Fighting       | |  3.6
Armour         | |  2.4
Dodging        | |  1.1

Action                   |  1- 3 |  4- 6 || total
-------------------------+-------+-------++-------
Melee: Hand axe          |    75 |       ||    75
       Broad axe         |    56 |    13 ||    69
       Punch             |       |     1 ||     1
Invok: Renounce Religion |     1 |       ||     1
  Use: Potion            |     2 |       ||     2
       Scroll            |       |     2 ||     2
 Stab: Paralysed         |     1 |       ||     1
Armor: Leather armour    |    36 |       ||    36
       Scale mail        |    30 |     3 ||    33
       Ring mail         |       |     2 ||     2
Dodge: Dodged            |    87 |     9 ||    96

Table legend:
 A = Non-vault XP
 B = Vault XP
 C = Vault XP percentage of total XP
 D = Non-vault monster count
 E = Vault monster count
 F = Vault count percentage of total count
                 A         B        C        D         E       F
            +---------+---------+-------+---------+---------+-------
      Total |     101 |       0 |   0.0 |      50 |       0 |   0.0
            +---------+---------+-------+---------+---------+-------
        D:1 |      41 |       0 |   0.0 |      24 |       0 |   0.0
        D:2 |      58 |       0 |   0.0 |      25 |       0 |   0.0
        D:3 |       2 |       0 |   0.0 |       1 |       0 |   0.0
            +---------+---------+-------+---------+---------+-------
